 Dungeon Crawl Stone Soup version 0.30.0-5-g1a98f26d00 (webtiles) character file.

Game seed: 3501159725360823676

5425 Kranky the Grappler (level 10, -3/94 HPs)
             Began as a Troll Fighter on May 11, 2023.
             Was a Believer of Wu Jian.
             Slain by a killer bee (4 damage)
             ... on level 10 of the Dungeon.
             The game lasted 00:17:07 (7912 turns).

Kranky the Grappler (Troll Fighter)                 Turns: 7912, Time: 00:17:07

Health: -3/94      AC:  5    Str: 28    XL:     10   Next: 40%
Magic:  9/9        EV:  9    Int: 19    God:    Wu Jian [**....]
Gold:   573        SH:  9    Dex:  9    Spells: 9/9 levels left

rFire   . .          .
                       - Unarmed
rCold   . . .        b - +0 kite shield
rNeg    . . .        x - +1 robe "Eviqyic" {Int+7}
rPois   .            (helmet restricted)
rElec   .            (no cloak)
rCorr   .            (gloves unavailable)
SInv    +            (boots unavailable)
Will    .....        (no amulet)
Stlth   +            l - ring of see invisible
HPRegen 1.15/turn    F - +6 ring of intelligence
MPRegen 0.11/turn

%: no passive effects
@: lethally poisoned (-3 -> -7)
A: large, unfitting armour, claws 3, regeneration 1, shaggy fur 1, tough skin 1
a: Renounce Religion, Wall Jump


You were on level 10 of the Dungeon.
You worshipped Wu Jian.
Wu Jian was pleased with you.
You visited 2 branches of the dungeon, and saw 11 of its levels.

You collected 573 gold pieces.

Inventory:

Missiles
 D - 3 poisoned darts (quivered)
Armour
 a - a +0 robe
 b - a +0 kite shield (worn)
 x - the +1 robe "Eviqyic" (worn) {Int+7}
   (You found it on level 6 of the Dungeon)

   Int:       It affects your intelligence (+7).
Jewellery
 l - a ring of see invisible (left claw)
 p - a ring of resist corrosion
 u - a ring of positive energy
 F - a +6 ring of intelligence (right claw)
Wands
 h - a wand of paralysis (17)
 q - a wand of iceblast (24)
 t - a wand of light (9)
 E - a wand of polymorph (7)
Scrolls
 d - 3 scrolls of magic mapping {unknown}
 e - 13 scrolls of identify {unknown}
 f - 3 scrolls of enchant weapon {unknown}
 g - 2 scrolls of immolation {unknown}
 j - 3 scrolls of torment {unknown}
 k - 4 scrolls of noise {unknown}
 m - 2 scrolls of teleportation {unknown}
 n - 2 scrolls of vulnerability {unknown}
 s - a scroll of fog {unknown}
 y - a scroll of acquirement {unknown}
 z - a scroll of amnesia {unknown}
 A - 2 scrolls of poison {unknown}
Potions
 c - a potion of might
 i - 3 potions of curing {unknown}
 o - 2 potions of cancellation {unknown}
 r - 3 potions of heal wounds {unknown}
 v - 2 potions of lignification {unknown}
 w - a potion of haste {unknown}
 B - a potion of mutation {unknown}
 C - a potion of brilliance {unknown}
 G - 2 potions of resistance {unknown}
 H - a potion of ambrosia {unknown}
 I - a potion of attraction {unknown}


   Skills:
 + Level 4.9 Fighting
 - Level 0.3 Armour
 + Level 3.5 Dodging
 + Level 7.2 Shields
 + Level 12.4 Unarmed Combat


You had 9 spell levels left.
You didn't know any spells.
Your spell library contained the following spells:

 Spells                   Type           Power      Damage    Failure   Level
 Beastly Appendage        Tmut           0%         N/A       34%         1
 Ensorcelled Hibernation  Hex/Ice        0%         N/A       47%         2
 Static Discharge         Conj/Air       0%         2-2/arc   47%         2
 Wereblood                Tmut           0%         N/A       47%         2
 Frozen Ramparts          Ice            0%         1d1       71%         3
 Gell's Gravitas          Tloc           0%         N/A       71%         3
 Spider Form              Tmut/Pois      0%         N/A       71%         3
 Teleport Other           Tloc           0%         N/A       71%         3
 Airstrike                Air            0%         2d(0-16)  98%         4
 Anguish                  Hex/Necr       0%         N/A       98%         4
 Ice Form                 Ice/Tmut       0%         N/A       98%         4
 Summon Ice Beast         Ice/Summ       0%         N/A       98%         4
 Summon Lightning Spire   Summ/Air       0%         N/A       98%         4
 Dispersal                Tloc           0%         N/A       100%        6


Dungeon Overview and Level Annotations

Branches:
Dungeon (10/15)            Temple (1/1) D:5
   Lair: D:8-11         Orc: D:9-12

Altars:
Ashenzari
Cheibriados
Dithmenos
Elyvilon
Fedhas
Gozag
Hepliaklqana
Kikubaaqudgha
Makhleb
Nemelex Xobeh
Okawaru
Qazlal
Ru
Sif Muna
Trog
Uskayaw
Wu Jian
Xom
Yredelemnul
Zin

Shops:
D:2 =   D:6 !   D:8 [

Annotations:
D:9 3 runed translucent doors, Valagong's ghost, novice MiFi


Innate Abilities, Weirdness & Mutations

You are too large for most types of armour.
You have claws for hands.
Your natural rate of healing is unusually fast.
You are covered in fur. (AC +1)
You have tough skin. (AC +1)


Message History

You bump into the rock wall.
The killer bee barely misses you.
The orc wizard hits you but does no damage.
The killer bee stings you but does no damage.
You bump into the rock wall.
The killer bee barely misses you. The orc wizard closely misses you.
The killer bee stings you.
* * * LOW HITPOINT WARNING * * *
You are poisoned.
The killer bee poisons you!
You bump into the rock wall.
You feel sick. The killer bee stings you!
* * * LOW HITPOINT WARNING * * *
You are more poisoned.
The killer bee poisons you!
The orc wizard points at you and mumbles some strange words.
You easily resist.
The killer bee barely misses you.
You're too confused to move!
You feel very sick. The killer bee stings you.
* * * LOW HITPOINT WARNING * * *
The orc wizard barely misses you.
The killer bee stings you but does no damage.
You're too confused to move!
You feel very sick. The killer bee closely misses you.
The killer bee stings you but does no damage.
The orc wizard hits you but does no damage.
You closely miss the killer bee.
You feel less confused.
You feel sick. The killer bee closely misses you.
You feel sick.
The killer bee stings you but does no damage.
Items here: )) [[ †††.
You feel sick. The killer bee stings you.
* * * LOW HITPOINT WARNING * * *
You are lethally poisoned!
The killer bee poisons you!
You closely miss the killer bee.
* * * LOW HITPOINT WARNING * * *
You feel very sick. The killer bee stings you.
You die...

#############
###......@yoz.#
#####...########l'#
#.....###
.W...........o.
#.#####
............... #.#
.♣##♣....♣##♣o.
####.# #....#
.....# #...$#
.....# ♣....♣
.)...# ......


You could see a wyvern, a killer bee, a wight and an orc wizard (invisible).

Vanquished Creatures
  A two-headed ogre (D:9)
  Joseph (D:9)
  Psyche (D:9)
  A vampire (D:8)
  5 yaks (D:9)
  A steam dragon (D:8)
  An acid dragon (D:10)
  2 water moccasins
  3 orc warriors
  2 sky beasts (D:6)
  6 ogres
  4 centaurs
  2 phantoms
  A bullfrog (D:5)
  2 killer bees (D:10)
  A crimson imp (D:8)
  A centaur zombie (D:9)
  2 jellies
  7 hounds
  3 gnoll boudas
  8 orc priests
  A sleepcap (D:2)
  Terence (D:2)
  12 orc wizards
  2 iguanas
  A howler monkey zombie (D:9)
  11 gnolls
  6 adders
  A shadow imp (D:6)
  5 white imps
  2 ufetubi
  A worm (D:2)
  2 dart slugs
  31 orcs
  7 endoplasms
  5 giant cockroaches
  3 goblins (D:1)
  4 hobgoblins
  A quokka (D:5)
  6 ball pythons
  4 bats
  3 rats
164 creatures vanquished.

Notes
Turn   | Place    | Note
-------+----------+-------------------------------------------
     0 | D:1      | Kranky the Troll Fighter began the quest for the Orb.
     0 | D:1      | Reached XP level 1. HP: 22/22 MP: 0/0
   166 | D:1      | Found a faded altar of an unknown god.
   192 | D:1      | Reached XP level 2. HP: 29/29 MP: 1/1
   574 | D:2      | Noticed Terence
   578 | D:2      | Killed Terence
   579 | D:2      | Reached XP level 3. HP: 36/36 MP: 2/2
   933 | D:2      | Found Figaam's Jewellery Shoppe.
   959 | D:2      | Reached XP level 4. HP: 26/45 MP: 3/3
  1075 | D:2      | Reached skill level 3 in Unarmed Combat
  1566 | D:3      | Reached XP level 5. HP: 34/53 MP: 4/4
  1697 | D:3      | Found an ancient bone altar of Kikubaaqudgha.
  1769 | D:3      | Reached skill level 4 in Unarmed Combat
  2004 | D:3      | Found a sacrificial altar of Ru.
  2562 | D:4      | Noticed an ogre
  2568 | D:4      | Killed an ogre
  2569 | D:4      | Reached XP level 6. HP: 43/61 MP: 5/5
  2620 | D:4      | Reached skill level 5 in Unarmed Combat
  2752 | D:5      | Entered Level 5 of the Dungeon
  2767 | D:5      | Reached XP level 7. HP: 54/67 MP: 6/6
  2943 | D:5      | Reached skill level 6 in Unarmed Combat
  3006 | D:5      | Found a staircase to the Ecumenical Temple.
  3026 | Temple   | Entered the Ecumenical Temple
  3133 | Temple   | Became a worshipper of the Wu Jian Council
  3221 | D:5      | Reached skill level 7 in Unarmed Combat
  3632 | D:6      | Reached skill level 5 in Shields
  3632 | D:6      | Reached XP level 8. HP: 78/78 MP: 7/7
  3755 | D:6      | Reached skill level 8 in Unarmed Combat
  4017 | D:6      | Identified the +1 robe "Eviqyic" {Int+7}
  4118 | D:6      | Found Jenaix's Distillery.
  4340 | D:7      | Reached skill level 9 in Unarmed Combat
  4592 | D:7      | Found a broken altar of Ashenzari.
  5065 | D:7      | Reached * piety under Wu Jian
  5108 | D:8      | Reached XP level 9. HP: 71/84 MP: 8/8
  5136 | D:7      | HP: 4/84 [orc/+0 mace (5)]
  5432 | D:8      | Found Fadicw's Armour Boutique.
  5493 | D:8      | Reached skill level 10 in Unarmed Combat
  6522 | D:9      | Noticed Joseph
  6531 | D:9      | Killed Joseph
  6531 | D:9      | Reached ** piety under Wu Jian
  6586 | D:9      | Noticed a two-headed ogre
  6590 | D:9      | Killed a two-headed ogre
  6591 | D:9      | Reached skill level 11 in Unarmed Combat
  6772 | D:9      | Reached XP level 10. HP: 94/94 MP: 9/9
  6894 | D:9      | Found a runed translucent gate.
  6894 | D:9      | Found a runed translucent gate.
  6894 | D:9      | Found a runed translucent gate.
  6894 | D:9      | Noticed Valagong's ghost (novice MiFi)
  6896 | D:9      | Found a basalt altar of Yredelemnul.
  7150 | D:9      | Noticed Psyche
  7158 | D:9      | Killed Psyche
  7159 | D:9      | Reached skill level 12 in Unarmed Combat
  7800 | D:10     | Entered Level 10 of the Dungeon
  7911 | D:10     | HP: 3/94 [killer bee (5)]
  7912 | D:10     | HP: 1/94 [poisoned by a killer bee]
  7912 | D:10     | Slain by a killer bee

Illustrated notes

Levels and vault maps discovered:
D:1:      lemuel_arrival_broad_hall, layout_loops_ring,
          chequers_ecumenical_altar_simple_redux
D:2:      layout_basic, serial_shops, shop, uniq_terence
D:3:      layout_rooms, nicolae_ru_the_path_less_chosen,
          mainiacjoe_overflow_concentric_impassable
D:4:      layout_loops_ring
D:5:      layout_loops_cross, minmay_temple_entry_sparse_star,
          serial_bayou_ford_a
D:6:      layout_loops_ring, serial_shops, nicolae_shop_industrial_runoff,
          minmay_fractal_squares_gapless_5
D:7:      layout_loops_cross, ashenzari_conservatory_becter,
          david_defended_altar_orc
D:8:      layout_layer_cave, nicolae_stop_n_shop_1, minmay_fire_ice_demons
D:9:      layout_basic, nicolae_yredelemnul_ghost_church, uniq_joseph,
          uniq_psyche
D:10:     layout_roguey, nicolae_overflow_two_pavilions, orc_0_dummy,
          kennysheep_dice
Temple:   nicolae_temple_superstar

Skill      XL: |  1  2  3  4  5  6  7  8  9 10 |
---------------+-------------------------------+-----
Shields        | 3 4 5 6 7 |  7.2
Fighting       | 3 4 |  4.9
Unarmed Combat | 3 4 5 7 9 11 12 | 12.4
Dodging        | 3 |  3.5
Armour         | |  0.3

Action                     |  1- 3 |  4- 6 |  7- 9 | 10-12 || total
---------------------------+-------+-------+-------+-------++-------
  Melee: Unarmed           |    44 |   139 |   300 |    92 ||   575
Ability: Lunge             |       |       |    18 |     6 ||    24
         Whirlwind         |       |       |     8 |       ||     8
 Armour: Robe              |     7 |    31 |    47 |    20 ||   105
         Skin              |       |       |     2 |       ||     2
  Dodge: Dodged            |     8 |    57 |    80 |    21 ||   166
  Block: Kite shield       |    12 |    51 |    95 |    28 ||   186
